 Dungeon Crawl Stone Soup version 0.17.0-28-g6e173f8 (webtiles) character file.

95 Ijustatesigmund the Insei (level 4, -5/23 HPs)
             Began as a Vine Stalker Monk on Nov 26, 2015.
             Was a Priest of Cheibriados.
             Slain by a gnoll
             ... wielding a +0 spear
              (8 damage)
             ... on level 3 of the Dungeon.
             The game lasted 00:05:40 (1589 turns).

Ijustatesigmund the Insei (Vine Stalker Monk)       Turns: 1589, Time: 00:05:40

Health: -5/23      AC:  2    Str: 20    XL:     4   Next: 65%
Magic:  0/6        EV: 13    Int: 17    God:    Cheibriados [***...]
Gold:   106        SH:  0    Dex: 22    Spells: 0 memorised, 3 levels left

rFire  . . .     SeeInvis .       - Unarmed
rCold  . . .     Clarity  .     a - +0 robe
rNeg   . . .     SustAt   .     (no shield)
rPois  .         Gourm    .     (no helmet)
rElec  .         Spirit   +     (no cloak)
rCorr  .         Warding  .     (no gloves)
rMut   .         Stasis   .     (no boots)
MR     .....                    (no amulet)
Stlth  +++.......               (no ring)
                                (no ring)

@: very slow, not resistant to hostile enchantments, fairly stealthy
A: fangs 2, regeneration 1, magic shield, antimagic bite, no device heal 3, rot
immunity
a: Bend Time, Temporal Distortion, Renounce Religion


You were on level 3 of the Dungeon.
You worshipped Cheibriados.
Cheibriados was most pleased with you.
You were not hungry.

You visited 1 branch of the dungeon, and saw 3 of its levels.

You collected 106 gold pieces.

Inventory:

Hand Weapons
 c - a +1 short sword of protection
Missiles
 e - 13 poisoned needles
Armour
 a - a +0 robe (worn)
 j - a +0 large shield
Wands
 h - a wand of flame (21)
Scrolls
 k - a scroll of identify {unknown}
 l - a scroll of noise {unknown}
Potions
 d - a potion of curing {unknown}
 g - a potion of heal wounds {unknown}
 i - a potion of lignification {unknown}
Comestibles
 b - 2 bread rations
 f - 4 fruits


   Skills:
 - Level 2.6 Fighting
 - Level 2.4 Dodging
 + Level 4.0 Stealth
 + Level 4.8 Unarmed Combat
 + Level 2.0 Invocations


You had 3 spell levels left.
You didn't know any spells.

Dungeon Overview and Level Annotations

Branches:
Dungeon (3/15)

Altars:
Cheibriados
Okawaru


Innate Abilities, Weirdness & Mutations

You have extremely sharp teeth.
Your natural rate of healing is unusually fast.
When hurt, damage is shared between your health and your magic reserves.
Your bite disrupts and absorbs the magic of your enemies.
Potions and wands cannot restore your health.
You are immune to rotting.


Message History

b - 2 bread rations (gained 1)
You hit the gnoll. You bite the gnoll. You drain its power.
The gnoll is heavily wounded.
The gnoll hits you with a club!
You hit the gnoll. You bite the gnoll. You drain its power.
You feel invigorated.
You kill the gnoll!
Cheibriados appreciates the change of pace.
Your Stealth skill increases to level 4!
Your Invocations skill increases to level 2!
The gnoll shouts!
You see here a club.
The gnoll hits you from afar with a spear.
The gnoll hits you with a spear! x2
* * * LOW HITPOINT WARNING * * *
You are too injured to fight recklessly!
You are too injured to fight recklessly!
You closely miss the gnoll. You bite the gnoll, but do no damage.
The gnoll hits you with a spear!
You die...

#.#..# #........
###.#..####....PP..
..............P♣♣♣..
####.#####....P♣ ..
##.#.# ##......♣ .
##....###......P..P
####...)...'..........
.........###.........P
######.@)# ##......♣♣♣
##g.# ##....P♣ #..#
##>...♣ #.g....# #+...
#g###.## ... #.# #.#
..# ...


You could see a gnoll.

Vanquished Creatures
  Ijyb (D:2)
  An adder (D:3)
  A gnoll (D:3)
  3 worms
  A giant gecko (D:2)
  5 bats
  3 goblins
  9 hobgoblins
  A quokka (D:2)
  A giant cockroach (D:2)
  A giant newt (D:2)
  5 kobolds
  10 rats
42 creatures vanquished.

Notes
Turn   | Place    | Note
--------------------------------------------------------------
     0 | D:1      | Ijustatesigmund the Vine Stalker Monk began the quest for the Orb.
     0 | D:1      | Reached XP level 1. HP: 11/11 MP: 2/2
   229 | D:1      | Reached XP level 2. HP: 2/16 MP: 1/3
   705 | D:2      | Found a snail-covered altar of Cheibriados.
   734 | D:2      | Became a worshipper of Cheibriados the Contemplative
   734 | D:2      | Reached * piety under Cheibriados
   734 | D:2      | Reached ** piety under Cheibriados
   967 | D:2      | Reached XP level 3. HP: 19/19 MP: 4/4
  1111 | D:2      | Reached skill level 1 in Invocations
  1305 | D:2      | Noticed Ijyb
  1323 | D:2      | Killed Ijyb
  1323 | D:2      | Reached XP level 4. HP: 12/23 MP: 3/6
  1357 | D:2      | Found an iron altar of Okawaru.
  1572 | D:3      | Reached *** piety under Cheibriados
  1589 | D:3      | Slain by a gnoll

Action                   |  1- 3 |  4- 6 || total
-------------------------+-------+-------++-------
Melee: Unarmed           |   102 |    26 ||   128
  Use: Scroll            |     4 |       ||     4
 Stab: Sleeping          |     7 |     6 ||    13
       Distracted        |       |     1 ||     1
  Eat: Chunk             |       |     1 ||     1
